 Dungeon Crawl Stone Soup version 0.28-a0-1142-gc8569940dd (webtiles) character file.

Game seed: 13740892179259832449

15 Essalna the Firebug (level 2, -1/19 HPs)
             Began as a Demonspawn Fire Elementalist on Dec 13, 2021.
             Slain by an endoplasm (2 damage)
             ... on level 1 of the Dungeon.
             The game lasted 00:01:55 (698 turns).

Essalna the Firebug (Demonspawn Fire Elementalist)   Turns: 698, Time: 00:01:55

Health: -1/19      AC:  4    Str:  8    XL:     2   Next: 34%
Magic:  1/5        EV: 12    Int: 16    God:
Gold:   20         SH:  0    Dex: 13    Spells: 4/5 levels left

rFire   + . .      SeeInvis .   b - +0 short sword
rCold   + . .      Faith    .   (no shield)
rNeg    . . .      Spirit   .   a - +0 robe
rPois   .          Reflect  .   (no helmet)
rElec   .          Harm     .   d - scarf {rC+ rF+}
rCorr   .          Rampage  .   (no gloves)
Will    .....                   (no boots)
Stlth   ++........              (no amulet)
HPRegen 0.06/turn               (no ring)
MPRegen 0.09/turn               (no ring)

@: very slightly contaminated
A: yellow scales 1
a: no special abilities


You were on level 1 of the Dungeon.
You visited 1 branch of the dungeon, and saw 2 of its levels.

You collected 20 gold pieces.

Inventory:

Hand Weapons
 b - a +0 short sword (weapon)
Armour
 a - a +0 robe (worn)
 d - a scarf of resistance (worn)


   Skills:
 - Level 1.7 Dodging
 - Level 1.7 Stealth
 + Level 2.3 Spellcasting
 + Level 1.5 Conjurations
 + Level 2.9 Fire Magic


You had 4 spell levels left.
You knew the following spells:

 Your Spells              Type           Power      Damage    Failure   Level
a - Foxfire               Conj/Fire      36%        2x1d5     8%          1

Your spell library contained the following spells:

 Spells                   Type           Power      Damage    Failure   Level
 Scorch                   Fire           22%        2d6       9%          2
 Conjure Flame            Conj/Fire      9%         6-21      24%         3
 Inner Flame              Hex/Fire       6%         N/A       32%         3
 Flame Wave               Conj/Fire      9%         2d4       61%         4


Dungeon Overview and Level Annotations

Branches:
Dungeon (2/15)

Altars:

Shops:
D:1 (


Innate Abilities, Weirdness & Mutations

You are partially covered in yellow scales. (AC +2)


Message History

You don't have enough magic to cast this spell.
The jackal closely misses you.
Found a stone staircase leading down.
The jackal bites you but does no damage.
The jackal closely misses you.
A ball python comes into view.
Found 15 stones.
Found a dagger.
The jackal misses you.
The ball python hisses angrily.
There is a stone staircase leading down here.
The jackal closely misses you. The endoplasm hits you.
* * * LOW HITPOINT WARNING * * *
The endoplasm hits you.
* * * LOW HITPOINT WARNING * * *
The jackal bites you but does no damage.
You climb downwards.
The kobold shouts!
There is a stone staircase leading up here.
The endoplasm closely misses you.
You aren't carrying any potions.
The endoplasm freezes you.
You are frozen.
You resist.
* * * LOW HITPOINT WARNING * * *
Found a stone staircase leading up.
The endoplasm jiggles.
There is a stone staircase leading up here.
The endoplasm completely misses you.
You climb upwards.
There is a stone staircase leading down here.
Casting: Foxfire (safe; 8% risk of failure)
Confirm with . or Enter, or press ? or * to list all spells.
You miscast Foxfire.
You are very lightly contaminated with residual magic.
Nothing appears to happen.
The endoplasm freezes you.
You are frozen.
You resist.
Casting: Foxfire (safe; 8% risk of failure)
Confirm with . or Enter, or press ? or * to list all spells.
You conjure some foxfire!
The endoplasm hits you.
You die...

*,,,,..............##
*****..............*#
**,,,,,...........
**,,,,,,,,,,.....##
***,,,,,,,,,,,....,*#
*#***,,,*,,,,,,.,,.#.*,*.
*...*,****,,,...,,,#,*,,.
*#....#####....#,,,,,,,.#
*#.....@v....#*,,,,*,,..
##...#vJ.....#,,,,,,,..
##.*######..#,*,*,,,.. *#,*
*,,.,,,,,,,.. *********,,**
**,,,,,,,,,#. *,,,,,,,,,,,**
**,,,**,,,,.. *,,,,,,,,,,,,**
*,,,,,,,,,,..
*,,,,,,,,,,*,,****,,,*,,,*,,..
*,,,,,,,,,,,,,,,,,,,,**,,*,,..


You could see an endoplasm (ally target).

Vanquished Creatures
  2 endoplasms (D:1)
  A goblin (D:1)
  A hobgoblin (D:1)
  3 jackals (D:1)
  2 kobolds (D:1)
  2 bats (D:1)
  A frilled lizard (D:1)
  A rat (D:1)
13 creatures vanquished.

Vanquished Creatures (others)
  50 foxfires (D:1)
50 creatures vanquished.

Grand Total: 63 creatures vanquished

Notes
Turn   | Place    | Note
-------+----------+-------------------------------------------
     0 | D:1      | Essalna the Demonspawn Fire Elementalist began the quest
                  | for the Orb.
     0 | D:1      | Reached XP level 1. HP: 13/13 MP: 3/3
    13 | D:1      | Found Owicowy's Antique Weapon Shoppe.
   475 | D:1      | Gained mutation: You are partially covered in yellow
                  | scales. (AC +2) [demonic ancestry]
   475 | D:1      | Reached XP level 2. HP: 19/19 MP: 0/5
   698 | D:1      | Slain by an endoplasm

Illustrated notes

Levels and vault maps discovered:
D:1:      wander_arrival_chamber, layout_rooms, serial_shops,
          nicolae_shop_crystal, minmay_misc_feat_diagonals,
          roderic_roman_lattice
D:2:      layout_basic, hellmonk_ecumenical_altar_pennies_from_heaven,
          grunt_decor_arrowhead

Action                   || total
-------------------------++-------
Melee: Short sword       ||    10
       Unarmed           ||     1
 Cast: Foxfire           ||    29
  Use: Scroll            ||     2
Armor: Robe              ||    20
Dodge: Dodged            ||    34

Table legend: (Time is in decaauts)
 A = Elapsed time spent in this place.
 B = Non-inter-level travel time spent in this place.
 C = Inter-level travel time spent in this place.
 D = Time resting spent in this place.
 E = Time spent auto-exploring this place.
 F = Levels seen in this place.
 G = Mean time per level.
                   A        B        C        D        E       F      G
               +--------+--------+--------+--------+--------+-----+--------+
         Total |    698 |    698 |      0 |      0 |    524 |   2 |  349.0 |
       Dungeon |    698 |    698 |      0 |      0 |    524 |   2 |  349.0 |
               +--------+--------+--------+--------+--------+-----+--------+

Top non-repeatable levels by time:
     D:1: 681 daAuts
     D:2: 17 daAuts
